 Dungeon Crawl Stone Soup version 0.29.1-2-gbd0b4ee654 (webtiles) character file.

Game seed: 5143369978547419244

1521 fleeber the Destroyer (level 8, -4/46 HPs)
             Began as a Deep Elf Conjurer on Nov 11, 2022.
             Was a Believer of Vehumet.
             Slain by a sky beast (6 damage)
             ... on level 8 of the Dungeon on Nov 12, 2022.
             The game lasted 00:37:31 (8460 turns).

fleeber the Destroyer (Deep Elf Conjurer)           Turns: 8460, Time: 00:37:31

Health: -4/46      AC:  4    Str:  4    XL:     8   Next: 54%
Magic:  8/22       EV: 12    Int: 26    God:    Vehumet [**....]
Gold:   135        SH:  0    Dex: 13    Spells: 16/23 levels left

rFire   . . .      SeeInvis .   k - +2 dagger (protect)
rCold   . . .      Faith    .   (no shield)
rNeg    . . .      Spirit   .   a - +0 robe
rPois   .          Reflect  .   (no helmet)
rElec   .          Harm     .   p - +1 cloak {rCorr}
rCorr   +          Rampage  .   (no gloves)
Will    .....                   (no boots)
Stlth   ++........              (no amulet)
HPRegen 0.15/turn               l - ring of flight
MPRegen 0.18/turn               (no ring)

@: flying, slowed, very slow
A: no striking features
a: Renounce Religion


You were on level 8 of the Dungeon.
You worshipped Vehumet.
Vehumet was pleased with you.
You visited 1 branch of the dungeon, and saw 8 of its levels.
You also visited: Ossuary.

You collected 265 gold pieces.
You spent 130 gold pieces at shops.

Inventory:

Hand Weapons
 k - a +2 dagger of protection (weapon)
Armour
 a - a +0 robe (worn)
 p - a +1 cloak of preservation (worn)
Jewellery
 l - a ring of flight (left hand)
Wands
 o - a wand of flame (16)
Scrolls
 c - 4 scrolls of teleportation
 h - a scroll of noise
 m - 4 scrolls of amnesia
 n - 4 scrolls of fear
 r - a scroll of torment
 u - a scroll of vulnerability
 w - a scroll of butterflies
Potions
 b - a potion of magic
 d - a potion of degeneration
 e - 3 potions of curing
 f - 2 potions of attraction
 g - a potion of lignification
 i - 5 potions of haste
 j - a potion of invisibility {unknown}
 q - a potion of resistance {unknown}
 s - a potion of flight {unknown}
 t - 2 potions of ambrosia
 v - a potion of cancellation {unknown}
 x - a potion of mutation {unknown}
 z - 2 potions of berserk rage {unknown}
 A - 3 potions of might


   Skills:
 + Level 3.2 Fighting
 - Level 2.4 Dodging
 - Level 2.4 Stealth
 - Level 8.0 Spellcasting
 - Level 9.0 Conjurations
 - Level 4.0 Translocations


You had 16 spell levels left.
You knew the following spells:

 Your Spells              Type           Power      Damage    Failure   Level
a - Magic Dart            Conj           100%       1d8       1%          1
b - Searing Ray           Conj           100%       2d8       1%          2
c - Iskenderun's Mystic   Conj/Tloc      44%        2d10      3%          4

Your spell library contained the following spells:

 Spells                   Type           Power      Damage    Failure   Level
 Freeze                   Ice            40%        1d6       5%          1
 Dazzling Flash           Conj/Hex       66%        N/A       2%          3
 Fulminant Prism          Conj/Hex       16%        3d11      9%          4


Dungeon Overview and Level Annotations

Branches:
Dungeon (9/15)            Ossuary (visited)
 Temple: D:4-7         Lair: D:8-11         Orc: D:9-12

Altars:
Hepliaklqana
Vehumet
The Shining One

Shops:
D:3 ?   D:4 *

Annotations:
D:3 Sigmund
D:4 exclusion: downstairs
D:5 exclusion: 2 downstairs


Message History

You can't see any susceptible monsters within range! (Use Z to cast anyway.)
Casting: Magic Dart (safe; 1% risk of failure)
Confirm with . or Enter, or press ? or * to list all spells.
Aiming: Magic Dart (safe; 1% risk of failure)
Press: ? - help, Shift-Dir - straight line The magic dart hits something but does no damage.
Casting: Magic Dart (safe; 1% risk of failure)
Confirm with . or Enter, or press ? or * to list all spells.
Aiming: Magic Dart (safe; 1% risk of failure)
Press: ? - help, Shift-Dir - straight line The magic dart hits something.
A sky beast appears from thin air!
Reactivating autopickup.
The sky beast hits you. The sky beast shocks you.
Casting: Magic Dart (safe; 1% risk of failure)
Confirm with . or Enter, or press ? or * to list all spells.
Aiming: Searing Ray (safe; 1% risk of failure)
Press: ? - help, Shift-Dir - straight line, f - sky beast
Aim: a sky beast (rain, moderately wounded, 76% to hit)
The searing ray hits the sky beast!
The sky beast is heavily wounded. (Press . to maintain the ray.)
The sky beast hits you. The sky beast shocks you.
* * * LOW HITPOINT WARNING * * *
Casting: Searing Ray (safe; 1% risk of failure)
Confirm with . or Enter, or press ? or * to list all spells.
Restarting spell: Searing Ray (safe; 1% risk of failure)
Press: ? - help, Shift-Dir - straight line, f/p - sky beast
Aim: a sky beast (heavily wounded, 76% to hit)
The searing ray hits the sky beast.
The sky beast is severely wounded. (Press . to maintain the ray.)
The sky beast hits you.
* * * LOW HITPOINT WARNING * * *
The sky beast shocks you.
* * * LOW HITPOINT WARNING * * *
The sky beast hits you.
* * * LOW HITPOINT WARNING * * *
The sky beast shocks you.
You die...

###############
#..............
#..>...........
#....@Y.)))....
#.>............
#..........)...
########.....!.
....... .......
....... .......


You could see a sky beast.

Vanquished Creatures
  An ice beast (D:5)
  A black bear (D:4)
  2 phantoms (D:5)
  A kobold brigand (D:8)
  A necrophage (D:4)
  3 scorpions
  A water moccasin skeleton (D:3)
  A wight (Ossuary)
  A bullfrog zombie (Ossuary)
  4 centaur zombies
  A hound (D:6)
  2 jellies
  3 orc priests
  Jessica (D:3)
  An iguana (D:6)
  2 scorpion zombies
  5 orc wizards
  An ogre zombie (Ossuary)
  A hound skeleton (D:3)
  5 adders
  A river rat (D:3)
  A shadow imp (D:6)
  4 adder zombies
  3 adder skeletons (D:3)
  A worm (D:2)
  3 dart slugs (D:2)
  13 orcs
  14 ball pythons
  6 endoplasms
  4 giant cockroaches
  A gnoll zombie (Ossuary)
  4 goblins
  7 hobgoblins
  5 quokkas
  2 ball python skeletons (D:3)
  A ball python zombie (D:3)
  2 bats
  A frilled lizard (D:3)
  A giant cockroach zombie (D:3)
  2 goblin zombies (Ossuary)
  4 hobgoblin zombies (Ossuary)
  11 kobolds
  3 orc zombies (Ossuary)
  7 rats
139 creatures vanquished.

Vanquished Creatures (others)
  3 withered plants (D:3)
3 creatures vanquished.

Grand Total: 142 creatures vanquished

Notes
Turn   | Place    | Note
-------+----------+-------------------------------------------
     0 | D:1      | fleeber the Deep Elf Conjurer began the quest for the Orb.
     0 | D:1      | Reached XP level 1. HP: 10/10 MP: 6/6
   259 | D:1      | Reached XP level 2. HP: 15/15 MP: 4/8
   324 | D:1      | Reached skill level 1 in Translocations
   584 | D:1      | Learned a level 2 spell: Searing Ray
   585 | D:2      | Found a faded altar of an unknown god.
  1037 | D:2      | Reached XP level 3. HP: 19/19 MP: 8/10
  1561 | D:2      | Reached skill level 5 in Conjurations
  1864 | D:3      | Reached XP level 4. HP: 19/24 MP: 3/12
  1940 | D:3      | Learned a level 4 spell: Iskenderun's Mystic Blast
  1952 | D:3      | Noticed Sigmund
  2291 | D:3      | Found a radiant altar of Vehumet.
  2352 | D:3      | Became a worshipper of Vehumet
  2387 | D:3      | Reached XP level 5. HP: 28/28 MP: 5/14
  2531 | D:3      | Reached skill level 5 in Spellcasting
  2684 | D:3      | Noticed Jessica
  2693 | D:3      | Killed Jessica
  2755 | D:3      | Reached XP level 6. HP: 16/32 MP: 11/16
  2935 | D:3      | Found Holl's Magic Scroll Boutique.
  2942 | D:3      | Bought a scroll of teleportation for 30 gold pieces
  2942 | D:3      | Bought a scroll of identify for 20 gold pieces
  2942 | D:3      | Bought a scroll of identify for 20 gold pieces
  2942 | D:3      | Bought a scroll of identify for 20 gold pieces
  2942 | D:3      | Bought a scroll of fear for 40 gold pieces
  3219 | D:3      | Reached skill level 6 in Conjurations
  3672 | D:3      | Found a glowing golden altar of the Shining One.
  3882 | D:4      | Found Enycruide's Lightly-Used Armoury.
  4018 | D:4      | Reached * piety under Vehumet
  4018 | D:4      | Offered knowledge of Shock by Vehumet.
  4141 | D:4      | Reached XP level 7. HP: 11/36 MP: 7/18
  4352 | D:4      | Found a sand-covered staircase.
  4358 | Ossuary  | Entered an ossuary
  5046 | Ossuary  | Reached skill level 7 in Conjurations
  5260 | Ossuary  | Noticed a silent spectre
  6026 | D:4      | Found a hazy altar of Hepliaklqana.
  6426 | D:5      | Entered Level 5 of the Dungeon
  6541 | D:5      | Reached skill level 8 in Conjurations
  6666 | D:5      | Reached XP level 8. HP: 32/41 MP: 17/22
  7383 | D:5      | Reached skill level 9 in Conjurations
  7390 | D:5      | Reached skill level 1 in Fighting
  8423 | D:6      | You are sucked into a shaft and drop 3 floors!
  8435 | D:8      | Reached ** piety under Vehumet
  8453 | D:8      | Offered knowledge of Freeze by Vehumet.
  8460 | D:8      | HP: 2/46 [sky beast (2)]
  8460 | D:8      | Slain by a sky beast

Illustrated notes

Levels and vault maps discovered:
D:1:      dpeg_arrival_pits, layout_basic
D:2:      layout_basic, nicolae_ecumenical_pavilion
D:3:      layout_basic, general_overflow_altar, lemuel_round_altar,
          serial_undead, serial_undead_a, serial_undead_b, serial_undead_f,
          serial_undead_e, serial_undead_b, serial_undead_f, serial_undead_b,
          serial_undead_d, serial_undead_f, serial_undead_d,
          portal_sewer_entry_b, serial_shops, nicolae_shop_advertising_works
          [nicolae_subvault_shop_adworks], uniq_sigmund, uniq_jessica
D:4:      layout_gridville, nzn_hepliaklqana_mist_gate,
          nicolae_ossuary_entry_plus, minmay_shop_damaged
D:5:      layout_cave_pods
D:6:      layout_rooms, mainiacjoe_overflow_six_doors_small,
          nicolae_elevator_lobby_asterisk
D:8:      hellmonk_ruined_rings, layout_gridville, overflow_temple_1_default,
          lemuel_crystal_altar
D:9:      kennysheep_blocky_hall, layout_basic, grunt_temple_overflow_open,
          lair_entry_dummy, uniq_maurice

Skill      XL: |  1  2  3  4  5  6  7  8 |
---------------+-------------------------+-----
Translocations | 1 2 3 4 |  4.0
Conjurations   | 5 6 8 9 |  9.0
Spellcasting   | 4 5 6 8 |  8.0
Fighting       | 3 |  3.2
Dodging        | |  2.4
Stealth        | |  2.4

Action                   |  1- 3 |  4- 6 |  7- 9 || total
-------------------------+-------+-------+-------++-------
Melee: Dagger            |       |       |     5 ||     5
 Cast: Magic Dart        |    81 |   144 |   178 ||   403
       Searing Ray       |       |     4 |    28 ||    32
       Iskenderun's Myst |       |       |     4 ||     4
  Use: Scroll            |       |     6 |     6 ||    12
       Potion            |       |       |     1 ||     1
 Stab: Sleeping          |       |       |     1 ||     1
Armor: Robe              |     1 |    18 |    18 ||    37
Dodge: Dodged            |    10 |    29 |    53 ||    92
